 Dungeon Crawl Stone Soup version 0.31-a0-920-g28cbb04a8c (console) character file.

Game seed: 18106268278797212588

18351 jejorda2 the Cleaver (level 12, -2/145 HPs)
             Began as a Gnoll Berserker on Oct 17, 2023.
             Was an Elder of Trog.
             Slain by a cane toad (13 damage)
             ... on level 1 of the Lair of Beasts.
             The game lasted 00:26:33 (10758 turns).

jejorda2 the Cleaver (Gnoll Berserker)             Turns: 10758, Time: 00:26:34

Health: -2/145     AC: 16    Str: 20    XL:     12   Next: 57%
Magic:  23/23      EV: 11    Int:  7    God:    Trog [****..]
Gold:   486        SH:  0    Dex: 13    Spells: 26/26 levels left

rFire   . . .        a - +1 broad axe (elec)
rCold   + . .        (no shield)
rNeg    . . .        y - +1 chain mail {rC+}
rPois   .            n - +0 helmet
rElec   .            (no cloak)
rCorr   .            p - +1 pair of gloves
SInv    +            (no boots)
Will    +....        (no amulet) Stlth
                     r - ring of willpower
HPRegen 0.44/turn    E - ring of see invisible
MPRegen 0.18/turn

%: no passive effects
@: berserking, lethally poisoned (-2 -> -20), marked, very quick
A: fangs 1, strong nose, distributed training
a: Renounce Religion, Berserk, Trog's Hand, Brothers in Arms


You were on level 1 of the Lair of Beasts.
You worshipped Trog.
Trog was greatly pleased with you.
You visited 2 branches of the dungeon, and saw 11 of its levels.
You also visited: Bailey.

You collected 612 gold pieces.
You spent 126 gold pieces at shops.

Inventory:

Hand Weapons
 a - a +1 broad axe of electrocution (weapon)
 b - a +3 flail of draining
Missiles
 h - 3 atropa-tipped darts
 l - 21 poisoned darts
 m - 10 boomerangs
 q - 27 javelins
Armour
 f - a +0 kite shield
 n - a +0 helmet (worn)
 p - a +1 pair of gloves (worn)
 y - a +1 chain mail of cold resistance (worn)
Jewellery
 r - a ring of willpower (left hand)
 E - a ring of see invisible (right hand)
Wands
 s - a wand of light (15)
 x - a wand of paralysis (9)
 B - a wand of flame (20) (quivered)
 D - a wand of iceblast (5)
Scrolls
 c - 2 scrolls of fear
 d - a scroll of immolation
 u - 2 scrolls of teleportation
 w - a scroll of blinking
Potions
 e - 4 potions of might
 g - 3 potions of lignification
 j - 3 potions of enlightenment
 k - a potion of brilliance {unknown}
 o - 4 potions of heal wounds
 t - 2 potions of haste
 v - a potion of magic {unknown}
 z - 2 potions of curing
 A - a potion of attraction {unknown}
Miscellaneous
 C - a lightning rod (4/4)


   Skills:
 + Level 10.0 Fighting
 + Level 7.5 Short Blades
 + Level 7.5 Long Blades
 + Level 10.0 Axes
 + Level 7.5 Maces & Flails
 + Level 7.5 Polearms
 + Level 7.5 Staves
 + Level 7.5 Ranged Weapons
 + Level 7.5 Throwing
 + Level 8.9 Armour
 + Level 8.9 Dodging
 + Level 7.5 Stealth
 + Level 7.5 Shields
 + Level 7.5 Unarmed Combat
 + Level 7.5 Spellcasting
 + Level 6.2 Conjurations
 + Level 6.2 Hexes
 + Level 6.2 Summonings
 + Level 6.2 Necromancy
 + Level 6.2 Translocations
 + Level 6.2 Transmutations
 + Level 6.2 Fire Magic
 + Level 6.2 Ice Magic
 + Level 6.2 Air Magic
 + Level 6.2 Earth Magic
 + Level 6.2 Poison Magic
 + Level 8.2 Invocations
 + Level 7.5 Evocations
 + Level 6.8 Shapeshifting


You had 26 spell levels left.
You didn't know any spells.
Your spell library was empty.

Dungeon Overview and Level Annotations

Branches:
Dungeon (10/15)            Temple (0/1) D:6            Lair (1/5) D:10
 Bailey (visited)
    Orc: D:9-12

Altars:
Cheibriados
Dithmenos
Elyvilon
Makhleb
Nemelex Xobeh
Ru
Vehumet

Shops:
D:8 ?

Annotations:
D:10 exclusion: electric eel


Innate Abilities, Weirdness & Mutations

You have very sharp teeth.
Your uncanny sense of smell can sniff out nearby items.
Your experience applies equally to all skills.


Message History

Lightning courses through the blink frog!!
You kill the blink frog!
Trog accepts your kill.
The blink frog blinks!
You closely miss the komodo dragon. You bite the komodo dragon.
The komodo dragon is moderately wounded.
The komodo dragon closely misses you.
A yak comes into view.
You slash the komodo dragon!
Lightning courses through the komodo dragon!
The komodo dragon is almost dead.
You slice the cane toad!! The cane toad stings you!
The komodo dragon bites you!!
* * * LOW HITPOINT WARNING * * *
Unknown command.
You barely miss the cane toad. Your bite misses the cane toad.
The cane toad is heavily wounded.
You hit the komodo dragon.
Lightning courses through the komodo dragon!
You kill the komodo dragon!
Trog accepts your kill.
The blink frog blinks!
The cane toad stings you but does no damage.
You hit the cane toad. Your bite misses the cane toad.
The cane toad is severely wounded.
You slash the bullfrog! The cane toad barely misses you.
You barely miss the cane toad.
The cane toad is severely wounded.
You barely miss the cane toad.
A water moccasin comes into view.
The cane toad closely misses you. The cane toad stings you!
* * * LOW HITPOINT WARNING * * *
You are lethally poisoned!
The cane toad poisons you!
You barely miss the cane toad. x2
* * * LOW HITPOINT WARNING * * *
You feel very sick.
A yak comes into view.
The cane toad stings you!
You die...

........#..# ...
........#.P ..# ..
.........Y####..##.S.
........#$##.#...#....
.........F.............
............§..........
.....§§F......F...:....
........#..#F#F........
........#.###@##.......
...#...#..# #.†...##..#
....F...#).##YY.....#.#
.......................
...#........#..........
............#..........
##...P.....P....
#.......<..#.#..
......#...##.# #


You could see 3 yaks, 2 cane toads, a blink frog, a water moccasin and a
bullfrog.

Vanquished Creatures
  Gastronok (D:8)
  Erolcha (D:9)
  Pikel (D:4)
  A komodo dragon (Lair:1)
  An unseen horror (D:10)
  2 trolls
  2 raiju (D:9)
  6 blink frogs (Lair:1)
  Sigmund (D:4)
  A wyvern (D:8)
  6 yaks (D:10)
  A steam dragon (D:8)
  An acid dragon (D:8)
  A water moccasin (Lair:1)
  12 orc warriors
  3 black bears
  A sky beast (D:7)
  A wolf (D:10)
  3 ogres
  12 centaurs
  2 scorpions
  5 bullfrogs
  2 gnoll sergeants
  12 wights
  6 killer bees (D:8)
  4 howler monkeys
  8 electric eels
  6 hounds
  2 gnoll boudas (D:4)
  3 orc priests
  3 iguanas
  2 sleepcaps
  Natasha (thrice) (D:3)
  8 orc wizards
  Ijyb (D:5)
  Terence (D:3)
  Robin (D:3)
  16 gnolls
  2 adders
  3 white imps
  4 ufetubi
  A worm (D:4)
  3 dart slugs
  48 orcs
  6 endoplasms
  5 giant cockroaches
  14 goblins
  19 hobgoblins
  10 kobolds
  A quokka (D:4)
  3 ball pythons
  6 bats
  A frilled lizard (D:1)
  3 rats
272 creatures vanquished.

Vanquished Creatures (others)
  A hound (D:10)
1 creature vanquished.

Grand Total: 273 creatures vanquished

Notes
Turn   | Place    | Note
-------+----------+-------------------------------------------
     0 | D:1      | jejorda2 the Gnoll Berserker began the quest for the Orb.
     0 | D:1      | Reached XP level 1. HP: 23/23 MP: 1/1
   191 | D:1      | Reached XP level 2. HP: 26/29 MP: 2/2
   756 | D:2      | Reached XP level 3. HP: 34/35 MP: 3/3
  1141 | D:2      | Reached ** piety under Trog
  1424 | D:3      | Noticed Natasha
  1429 | D:3      | Killed Natasha
  1430 | D:3      | Reached skill level 1 in Short Blades
  1430 | D:3      | Reached skill level 1 in Long Blades
  1430 | D:3      | Reached skill level 1 in Maces & Flails
  1430 | D:3      | Reached skill level 1 in Polearms
  1430 | D:3      | Reached skill level 1 in Staves
  1430 | D:3      | Reached skill level 1 in Ranged Weapons
  1430 | D:3      | Reached skill level 1 in Throwing
  1430 | D:3      | Reached skill level 1 in Stealth
  1430 | D:3      | Reached skill level 1 in Shields
  1430 | D:3      | Reached skill level 1 in Unarmed Combat
  1430 | D:3      | Reached skill level 1 in Spellcasting
  1430 | D:3      | Reached skill level 1 in Invocations
  1430 | D:3      | Reached skill level 1 in Evocations
  1430 | D:3      | Reached XP level 4. HP: 41/41 MP: 5/5
  1632 | D:3      | Reached skill level 1 in Shapeshifting
  1727 | D:3      | Noticed Natasha
  1731 | D:3      | Killed Natasha
  1732 | D:3      | Reached skill level 1 in Conjurations
  1732 | D:3      | Reached skill level 1 in Hexes
  1732 | D:3      | Reached skill level 1 in Summonings
  1732 | D:3      | Reached skill level 1 in Necromancy
  1732 | D:3      | Reached skill level 1 in Translocations
  1732 | D:3      | Reached skill level 1 in Transmutations
  1732 | D:3      | Reached skill level 1 in Fire Magic
  1732 | D:3      | Reached skill level 1 in Ice Magic
  1732 | D:3      | Reached skill level 1 in Air Magic
  1732 | D:3      | Reached skill level 1 in Earth Magic
  1732 | D:3      | Reached skill level 1 in Poison Magic
  1799 | D:3      | Noticed Robin
  1824 | D:3      | Killed Robin
  1860 | D:3      | Noticed Terence
  1867 | D:3      | Killed Terence
  1868 | D:3      | Reached XP level 5. HP: 38/47 MP: 5/7
  1929 | D:3      | Identified the +0 robe "Urapom" {Harm Will+}
  1950 | D:3      | Noticed Natasha
  1957 | D:3      | Killed Natasha
  2103 | D:3      | Found a shadowy altar of Dithmenos.
  2265 | D:4      | Identified the +4 robe of the Spider Nest {+Blink rF-
                  | Regen+ Str+4}
  2466 | D:4      | Reached XP level 6. HP: 53/53 MP: 8/8
  2525 | D:4      | Reached skill level 5 in Armour
  2525 | D:4      | Reached skill level 5 in Dodging
  2696 | D:4      | Noticed a black bear
  2698 | D:4      | Noticed Pikel
  2707 | D:4      | Killed a black bear
  2711 | D:4      | Killed Pikel
  2712 | D:4      | Reached XP level 7. HP: 60/60 MP: 8/11
  2718 | D:4      | Noticed Sigmund
  2722 | D:5      | Entered Level 5 of the Dungeon
  2782 | D:4      | Killed Sigmund
  2783 | D:4      | Reached XP level 8. HP: 67/67 MP: 12/12
  3175 | D:4      | You fall into a shaft and drop 1 floor!
  3314 | D:4      | Reached *** piety under Trog
  3426 | D:5      | Identified the +5 dagger "Ban Jari" {freeze, rC+ rCorr
                  | Stlth+}
  3439 | D:5      | Found a transporter.
  3516 | D:5      | Found a burning altar of Makhleb.
  3669 | D:5      | Found a white marble altar of Elyvilon.
  3755 | D:5      | Found a transporter.
  3932 | D:5      | Noticed Ijyb
  3942 | D:5      | Killed Ijyb
  4362 | D:6      | Reached XP level 9. HP: 72/73 MP: 14/14
  4427 | D:6      | Found a staircase to the Ecumenical Temple.
  4641 | D:6      | Found a sparkling altar of Nemelex Xobeh.
  4642 | D:6      | Found a radiant altar of Vehumet.
  4660 | D:6      | Found a sacrificial altar of Ru.
  5571 | D:7      | Reached skill level 5 in Invocations
  5706 | D:7      | Found a snail-covered altar of Cheibriados.
  6009 | D:8      | Reached XP level 10. HP: 80/80 MP: 17/17
  6011 | D:8      | Reached skill level 5 in Short Blades
  6011 | D:8      | Reached skill level 5 in Long Blades
  6011 | D:8      | Reached skill level 5 in Maces & Flails
  6011 | D:8      | Reached skill level 5 in Polearms
  6011 | D:8      | Reached skill level 5 in Staves
  6011 | D:8      | Reached skill level 5 in Ranged Weapons
  6011 | D:8      | Reached skill level 5 in Throwing
  6011 | D:8      | Reached skill level 5 in Stealth
  6011 | D:8      | Reached skill level 5 in Shields
  6011 | D:8      | Reached skill level 5 in Unarmed Combat
  6011 | D:8      | Reached skill level 5 in Spellcasting
  6011 | D:8      | Reached skill level 5 in Evocations
  6041 | D:8      | Found Noibicsu's Magic Scroll Shoppe.
  6045 | D:8      | Bought a scroll of blinking for 90 gold pieces
  6045 | D:8      | Bought a scroll of teleportation for 36 gold pieces
  6066 | D:8      | Noticed Gastronok
  6079 | D:8      | Killed Gastronok
  6080 | D:8      | Reached **** piety under Trog
  6118 | D:8      | Found a flagged portal.
  6194 | Bailey   | Entered a bailey
  6372 | Bailey   | Reached skill level 5 in Shapeshifting
  8198 | Bailey   | Reached XP level 11. HP: 39/87 MP: 19/19
  8412 | Bailey   | Reached skill level 5 in Conjurations
  8412 | Bailey   | Reached skill level 5 in Hexes
  8412 | Bailey   | Reached skill level 5 in Summonings
  8412 | Bailey   | Reached skill level 5 in Necromancy
  8412 | Bailey   | Reached skill level 5 in Translocations
  8412 | Bailey   | Reached skill level 5 in Transmutations
  8412 | Bailey   | Reached skill level 5 in Fire Magic
  8412 | Bailey   | Reached skill level 5 in Ice Magic
  8412 | Bailey   | Reached skill level 5 in Air Magic
  8412 | Bailey   | Reached skill level 5 in Earth Magic
  8412 | Bailey   | Reached skill level 5 in Poison Magic
  8412 | Bailey   | Reached XP level 12. HP: 96/96 MP: 19/22
  9863 | D:9      | Noticed Erolcha
  9875 | D:9      | Killed Erolcha
 10310 | D:10     | Entered Level 10 of the Dungeon
 10487 | D:10     | Found a staircase to the Lair.
 10490 | Lair:1   | Entered Level 1 of the Lair of Beasts
 10743 | Lair:1   | Reached skill level 10 in Fighting
 10743 | Lair:1   | Reached skill level 10 in Axes
 10758 | Lair:1   | Slain by a cane toad

Illustrated notes

Levels and vault maps discovered:
D:1:      dpeg_arrival_snail, layout_basic
D:2:      layout_basic
D:3:      layout_basic, nicolae_dithmenos_through_a_glass_darkly, uniq_natasha,
          uniq_robin, uniq_terence
D:4:      minmay_bubble_buster, layout_basic, uniq_pikel, uniq_sigmund
D:5:      gammafunk_steamed_eel, layout_basic, mainiacjoe_overflow_boulevard,
          elyvilon_altar_3, kennysheep_generic_room_2, uniq_ijyb
D:6:      layout_loops_corners, grunt_temple_overflow_open,
          minmay_temple_entry_arrows
D:7:      layout_gridville, mainiacjoe_overflow_alcove_1
D:8:      layout_cave_pools, serial_shops, nicolae_shop_rolled_up,
          serial_column_ruins, column_ruins_hut_pillars,
          column_ruins_hut_ruined, column_ruins_grid_1,
          column_ruins_columns_dead_end, column_ruins_open_tiny,
          column_ruins_columns_corner, column_ruins_open_small,
          column_ruins_grid_1, enter_bailey_3, uniq_gastronok
D:9:      layout_roguey, nicolae_have_a_lightning_rod, uniq_erolcha
D:10:     layout_loops_ring, mainiacjoe_overflow_concentric_impassable,
          fedhas_altar_1, erik_lair_island, nicolae_trove_entry_isolated,
          uniq_fannar
Lair:1:   layout_gridlike, gammafunk_ghost_split, uniq_harold

Skill      XL: |  1  2  3  4  5  6  7  8  9 10 11 12 |
---------------+-------------------------------------+-----
Short Blades   | 1 2 3 4 5 6 7 |  7.5
Long Blades    | 1 2 3 4 5 6 7 |  7.5
Maces & Flails | 1 2 3 4 5 6 7 |  7.5
Polearms       | 1 2 3 4 5 6 7 |  7.5
Staves         | 1 2 3 4 5 6 7 |  7.5
Ranged Weapons | 1 2 3 4 5 6 7 |  7.5
Throwing       | 1 2 3 4 5 6 7 |  7.5
Stealth        | 1 2 3 4 5 6 7 |  7.5
Shields        | 1 2 3 4 5 6 7 |  7.5
Unarmed Combat | 1 2 3 4 5 6 7 |  7.5
Spellcasting   | 1 2 3 4 5 6 7 |  7.5
Invocations    | 1 2 3 4 5 6 7 8 |  8.2
Evocations     | 1 2 3 4 5 6 7 |  7.5
Shapeshifting  | 1 2 3 4 5 6 |  6.8
Conjurations   | 1 2 3 4 5 6 |  6.2
Hexes          | 1 2 3 4 5 6 |  6.2
Summonings     | 1 2 3 4 5 6 |  6.2
Necromancy     | 1 2 3 4 5 6 |  6.2
Translocations | 1 2 3 4 5 6 |  6.2
Transmutations | 1 2 3 4 5 6 |  6.2
Fire Magic     | 1 2 3 4 5 6 |  6.2
Ice Magic      | 1 2 3 4 5 6 |  6.2
Air Magic      | 1 2 3 4 5 6 |  6.2
Earth Magic    | 1 2 3 4 5 6 |  6.2
Poison Magic   | 1 2 3 4 5 6 |  6.2
Armour         | 5 6 7 8 |  8.9
Dodging        | 5 6 7 8 |  8.9
Fighting       | 7 8 9 10 | 10.0
Axes           | 7 8 9 10 | 10.0

Action                     |  1- 3 |  4- 6 |  7- 9 | 10-12 || total
---------------------------+-------+-------+-------+-------++-------
  Melee: Hand axe          |    42 |       |       |       ||    42
         Bite              |     5 |    10 |    26 |    26 ||    67
         Broad axe         |    16 |   114 |   232 |   256 ||   618
         Punch             |     1 |     1 |    10 |    15 ||    27
         Glaive            |       |       |       |    46 ||    46
 Invoke: Berserk           |     1 |     3 |     6 |    14 ||    24
         Trog's Hand       |       |       |     3 |     6 ||     9
  Evoke: Wand              |       |       |     5 |    51 ||    56
    Use: Scroll            |       |       |    11 |     7 ||    18
         Potion            |       |       |       |     2 ||     2
 Armour: Leather armour    |    24 |       |       |       ||    24
         Ring mail         |    11 |    30 |       |       ||    41
         Chain mail        |       |    67 |   248 |   307 ||   622
         Plate armour      |       |       |       |    89 ||    89
  Dodge: Dodged            |    37 |    76 |   184 |   201 ||   498

Table legend: (Time is in decaauts)
 A = Elapsed time spent in this place.
 B = Non-inter-level travel time spent in this place.
 C = Inter-level travel time spent in this place.
 D = Time resting spent in this place.
 E = Time spent auto-exploring this place.
 F = Levels seen in this place.
 G = Mean time per level.
                   A        B        C        D        E       F      G
               +--------+--------+--------+--------+--------+-----+--------+
         Total |  11107 |  10847 |    260 |   2564 |   6022 |  12 |  925.6 |
       Dungeon |   8404 |   8144 |    260 |   1202 |   5285 |  10 |  840.4 |
          Lair |    276 |    276 |      0 |    206 |      0 |   1 |  276.0 |
        Bailey |   2426 |   2426 |      0 |   1156 |    736 |   1 | 2426.0 |
               +--------+--------+--------+--------+--------+-----+--------+

Top non-repeatable levels by time:
  Bailey: 2426 daAuts
     D:9: 1443 daAuts
     D:4: 1140 daAuts
     D:6: 974 daAuts
     D:5: 910 daAuts
     D:3: 831 daAuts
     D:7: 777 daAuts
     D:8: 750 daAuts
     D:1: 723 daAuts
     D:2: 704 daAuts
  Lair:1: 276 daAuts
    D:10: 149 daAuts
